 Dungeon Crawl Stone Soup version 0.27-a0-1595-g0b823d0a13 (webtiles) character file.

Game seed: 4926005940552655638

91 Sin92 the Skirmisher (level 4, -1/35 HPs)
             Began as a Demonspawn Fighter on July 20, 2021.
             Succumbed to an adder's poison
             ... on level 3 of the Dungeon.
             The game lasted 00:01:41 (2819 turns).

Sin92 the Skirmisher (Demonspawn Fighter)           Turns: 2819, Time: 00:01:42

Health: -1/35      AC:  8    Str: 16 (17) XL:     4   Next: 34%
Magic:  4/4        EV:  7    Int:  8 (10) God:
Gold:   108        SH:  8    Dex: 11 (12) Spells: 3/3 levels left

rFire    . . .     SeeInvis .   a - +0 war axe
rCold    . . .     Faith    .   c - +0 kite shield
rNeg     . . .     Spirit   .   b - +0 scale mail
rPois    .         Reflect  .   (helmet restricted)
rElec    .         Harm     .   (no cloak)
rCorr    .         Rampage  .   (no gloves)
Will     .....                  (no boots)
Stlth    ..........             (no amulet)
HPRegen  0.11/turn              (no ring)
MPRegen  0.09/turn              (no ring)

@: lethally poisoned (-1 -> -13), attractive
A: antennae 1, slimy green scales 1
a: no special abilities


You were on level 3 of the Dungeon.
You visited 1 branch of the dungeon, and saw 3 of its levels.

You collected 108 gold pieces.

Inventory:

Hand Weapons
 a - a +0 war axe (weapon)
Armour
 b - a +0 scale mail (worn)
 c - a +0 kite shield (worn)
Scrolls
 g - a scroll of fear {unknown}
 i - a scroll of noise {unknown}


   Skills:
 + Level 3.5 Fighting
 + Level 2.4 Axes
 + Level 3.2 Armour
 + Level 1.3 Dodging
 + Level 3.2 Shields


You had 3 spell levels left.
You didn't know any spells.
Your spell library contained the following spells:

 Spells                   Type           Power      Damage    Failure   Level
 Freezing Cloud           Conj/Ice/Air   0%         6-21      100%        5
 Simulacrum               Ice/Necr       0%         N/A       100%        6
 Polar Vortex             Ice            0%         N/A       100%        9


Dungeon Overview and Level Annotations

Branches:
Dungeon (3/15)

Altars:


Innate Abilities, Weirdness & Mutations

You have a pair of small antennae on your head.
You are partially covered in slimy green scales. (AC +2)


Message History

You closely miss something. Something hits you.
You hit something.
Reactivating autopickup.
You feel a bit more experienced.
Unknown command.
An adder comes into view.
The adder hisses angrily.
The adder is pulled toward you! The adder is pulled toward you!
You closely miss the adder. You block the adder's attack. x2
You hit the adder.
The adder is heavily wounded.
The adder barely misses you. The adder bites you but does no damage.
You barely miss the adder.
The adder is heavily wounded.
The adder bites you but does no damage. The adder barely misses you.
You miss the adder.
The adder is heavily wounded.
The adder bites you.
You are poisoned.
The adder poisons you! The adder bites you.
You are lethally poisoned!
The adder poisons you! The adder closely misses you.
You miss the adder.
The adder is heavily wounded.
* * * LOW HITPOINT WARNING * * *
You feel very sick. You block the adder's attack. The adder closely misses you.
You miss the adder.
The adder is heavily wounded.
* * * LOW HITPOINT WARNING * * *
You feel sick. The adder bites you.
* * * LOW HITPOINT WARNING * * *
You are more poisoned.
The adder poisons you! You block the adder's attack.
It was a potion of cancellation.
Your magical effects are unravelling.
You feel magically purged.
You float gracefully downwards.
You feel a little less mighty now.
You die...

##.##.#..###.#####..###.....
.........................
...##..#.#.#............
.........#..........#.#
#####..###..........#.##..
#####.<# #...###..........
.......###...# ###..#.##..
######.......###.#..#.##..
###......@S........
#....##.#........
###....##.#..#.###. ####
:.....)...#..#.# ...#
###....####..#.# ##.# #....
.... #.... ..... ##.#. #..#.
# #.#.


You could see an adder.

Vanquished Creatures
  Ijyb (D:3)
  3 adders
  2 worms
  An orc (D:2)
  3 endoplasms
  2 giant cockroaches
  5 hobgoblins
  3 kobolds
  2 quokkas (D:2)
  A ball python (D:1)
  5 bats
  2 frilled lizards
  2 goblins
  6 rats
38 creatures vanquished.

Notes
Turn   | Place    | Note
-------+----------+-------------------------------------------
     0 | D:1      | Sin92 the Demonspawn Fighter began the quest for the Orb.
     0 | D:1      | Reached XP level 1. HP: 18/18 MP: 1/1
   974 | D:2      | Gained mutation: You are partially covered in slimy green
                  | scales. (AC +2) [demonic ancestry]
   974 | D:2      | Reached XP level 2. HP: 20/24 MP: 2/2
  1566 | D:2      | Reached XP level 3. HP: 24/29 MP: 3/3
  1673 | D:2      | Reached skill level 1 in Dodging
  1753 | D:2      | Found a faded altar of an unknown god.
  2564 | D:3      | Gained mutation: You have a pair of small antennae on your
                  | head. [demonic ancestry]
  2564 | D:3      | Reached XP level 4. HP: 24/35 MP: 4/4
  2797 | D:3      | Noticed Ijyb
  2807 | D:3      | Killed Ijyb
  2819 | D:3      | Succumbed to an adder's poison

Illustrated notes

Levels and vault maps discovered:
D:1:      heliophobic_arrival_battle_scene, layout_loops_ring
D:2:      layout_loops_corners, ebering_ecumenical_altar_mist,
          small_statue_intersection
D:3:      layout_basic, uniq_ijyb

Skill      XL: |  1  2  3 |
---------------+----------+-----
Axes           | 2 |  2.4
Shields        | 3 |  3.2
Armour         | 3 |  3.2
Dodging        | 1 |  1.3
Fighting       | |  3.5

Action                   |  1- 3 |  4- 6 || total
-------------------------+-------+-------++-------
Melee: War axe           |   126 |    21 ||   147
  Use: Potion            |       |     6 ||     6
Armor: Scale mail        |    60 |    12 ||    72
Dodge: Dodged            |    56 |    11 ||    67
Block: Kite shield       |    66 |    16 ||    82

Table legend: (Time is in decaauts)
 A = Elapsed time spent in this place.
 B = Non-inter-level travel time spent in this place.
 C = Inter-level travel time spent in this place.
 D = Time resting spent in this place.
 E = Time spent auto-exploring this place.
 F = Levels seen in this place.
 G = Mean time per level.
                   A        B        C        D        E       F      G
               +--------+--------+--------+--------+--------+-----+--------+
         Total |   2911 |   2842 |     69 |    112 |   2358 |   3 |  970.3 |
       Dungeon |   2911 |   2842 |     69 |    112 |   2358 |   3 |  970.3 |
               +--------+--------+--------+--------+--------+-----+--------+

Top non-repeatable levels by time:
     D:2: 1309 daAuts
     D:1: 926 daAuts
     D:3: 675 daAuts
